[Event "Titled Tuesday Blitz October 04 Late 2022"]
[White "Bortnyk, Mykola"]
[Black "Vykouk, Jan"]
[WhiteFideId "14120836"]
[BlackFideId "349658"]
[WhiteElo "2582"]
[BlackElo "2378"]
[Result "1-0"]
[Round "03"]
[TimeControl "180+1"]
[Date "2022.10.04"]
[WhiteClock "0:01:12"]
[BlackClock "0:00:11"]

1. e4 c5 2. c3 d5 3. exd5 Qxd5 4. d4 g6 5. dxc5 Qxd1+ 6. Kxd1 Nd7 7. Be3 Ngf6 8. Nf3 Ng4 9. b4 a5 10. a3 Nxe3+ 11. fxe3 Bg7 12. Ra2 O-O 13. Bc4 b6 14. c6 Ne5 15. Nxe5 Bxe5 16. h3 Bf5 17. Ke2 Be4 18. b5 Bxg2 19. Rc1 Bxh3 20. Nd2 Rfd8 21. Kf2 a4 22. Nf3 Bf6 23. e4 Bg4 24. e5 Bg7 25. Re1 Bxf3 26. Kxf3 e6 27. Ke4 Bf8 28. Rh1 h5 29. Rg1 Bc5 30. Rgg2 Kg7 31. Be2 Kf8 32. Rh2 Ke7 33. Rh1 Rd5 34. Bc4 Rdd8 35. Rf1 Rac8 36. Rg2 Rh8 37. Rg3 Rcd8 38. Rgf3 Rh7 39. Bd3 h4 40. Rh3 Bxa3 41. Ra1 Bc5 42. Rxa4 Rc8 43. Ra7+ Kf8 44. Bc4 g5 45. Bxe6 Re8 46. Bf5 Rh6 47. c7 Bd6 48. c8=Q Rxc8 49. Bxc8 Bc5 50. Bf5 Kg7 51. e6 1-0


[Site "https://www.chess.com"]

[Event "Titled Tuesday Blitz October 04 Late 2022"]
[White "Bykov, Egor"]
[Black "Zhigalko, Sergei"]
[WhiteFideId "34115290"]
[BlackFideId "13502956"]
[WhiteElo "2327"]
[BlackElo "2662"]
[Result "0-1"]
[Round "03"]
[TimeControl "180+1"]
[Date "2022.10.04"]
[WhiteClock "0:00:01"]
[BlackClock "0:00:07"]

1. e4 c5 2. Nf3 Nc6 3. d4 cxd4 4. Nxd4 Nf6 5. Nc3 e5 6. Ndb5 d6 7. Bg5 a6 8. Na3 b5 9. Bxf6 gxf6 10. Nd5 Bg7 11. c3 f5 12. Bd3 Be6 13. Nc2 Bxd5 14. exd5 Ne7 15. Nb4 O-O 16. O-O e4 17. Bc2 a5 18. Nc6 Nxc6 19. dxc6 Re8 20. Bb3 Re5 21. Bd5 Qb6 22. b3 Qc5 23. c4 e3 24. Qf3 exf2+ 25. Kh1 Rxd5 26. cxd5 Bxa1 27. Rxa1 Re8 28. Rf1 Re5 29. g4 Rxd5 30. Rxf2 Qxc6 31. Kg2 Kf8 0-1


[Site "https://www.chess.com"]

[Event "Titled Tuesday Blitz October 04 Late 2022"]
[White "Christiansen, Johan-Sebastian"]
[Black "Howell, David W L"]
[WhiteFideId "1512668"]
[BlackFideId "410608"]
[WhiteElo "2502"]
[BlackElo "2567"]
[Result "0-1"]
[Round "03"]
[TimeControl "180+1"]
[Date "2022.10.04"]
[WhiteClock "0:00:04"]
[BlackClock "0:00:08"]

1. e4 e6 2. d4 d5 3. e5 Bd7 4. Nf3 c5 5. c3 Qb6 6. Bd3 cxd4 7. Nxd4 Nc6 8. Nxc6 bxc6 9. O-O Ne7 10. Nd2 c5 11. c4 Bc6 12. Qe2 Qb7 13. f4 Rd8 14. Nf3 g6 15. Be3 Nf5 16. cxd5 Rxd5 17. Ba6 Qb6 18. Bf2 Be7 19. Bc4 Rd7 20. Rad1 Rxd1 21. Rxd1 O-O 22. b3 Rd8 23. Rxd8+ Qxd8 24. h3 h5 25. Kh2 h4 26. Bd3 Ng7 27. Be4 Bd5 28. Bxd5 exd5 29. Qe1 Ne6 30. Qd2 d4 31. f5 gxf5 32. Qh6 Bg5 33. Qh5 d3 34. Bxh4 Bxh4 35. Nxh4 Ng7 36. Qh6 d2 37. e6 Qd6+ 38. g3 fxe6 39. Ng6 d1=Q 40. Qh8+ Kf7 41. Nf4 Q6d2+ 42. Ng2 Qf3 0-1


[Site "https://www.chess.com"]

[Event "Titled Tuesday Blitz October 04 Late 2022"]
[White "Duda, Jan-Krzysztof"]
[Black "Urazayev, Arystanbek"]
[WhiteFideId "1170546"]
[BlackFideId "13709810"]
[WhiteElo "2779"]
[BlackElo "2441"]
[Result "1-0"]
[Round "03"]
[TimeControl "180+1"]
[Date "2022.10.04"]
[WhiteClock "0:00:10"]
[BlackClock "0:00:05"]

1. b3 d5 2. Bb2 e6 3. e3 b6 4. c4 Bb7 5. cxd5 exd5 6. Nf3 Nf6 7. Nc3 Be7 8. Rc1 O-O 9. Ne2 c5 10. Ng3 Nc6 11. Nf5 d4 12. exd4 Nxd4 13. N3xd4 cxd4 14. Bd3 Re8 15. O-O Bf8 16. Bxd4 g6 17. Bxf6 Qxf6 18. Rc7 Bc8 19. Ng3 Qd6 20. Qc2 Be6 21. Ne4 Qd4 22. Bc4 Rad8 23. d3 Bg7 24. Bxe6 Rxe6 25. Rxa7 Qxd3 26. Qxd3 Rxd3 27. Ra8+ Bf8 28. Ng5 Re2 29. Nxh7 Kxh7 30. Rxf8 Kg7 31. Ra8 Rdd2 32. a3 Ra2 33. b4 Reb2 34. h3 Rb3 35. Kh2 Raxa3 36. Rxa3 Rxa3 37. Rd1 Rb3 38. Rd4 b5 39. f3 Kf6 40. Re4 g5 41. Kg3 Kg6 42. Rd4 f5 43. h4 g4 44. Rd6+ Kh5 45. Rd5 Kg6 46. Rxb5 gxf3 47. gxf3 Rb1 48. Kf4 Rh1 49. Rb6+ Kh5 50. Rb8 Rxh4+ 51. Kxf5 1-0


[Site "https://www.chess.com"]

[Event "Titled Tuesday Blitz October 04 Late 2022"]
[White "Erdogdu, Mert"]
[Black "Le, Tuan Minh"]
[WhiteFideId "6301495"]
[BlackFideId "12401153"]
[WhiteElo "2413"]
[BlackElo "2530"]
[Result "0-1"]
[Round "03"]
[TimeControl "180+1"]
[Date "2022.10.04"]
[WhiteClock "0:00:08"]
[BlackClock "0:00:10"]

1. e4 c5 2. Nf3 Nf6 3. e5 Nd5 4. Nc3 e6 5. Nxd5 exd5 6. d4 Nc6 7. dxc5 Bxc5 8. Qxd5 d6 9. exd6 Qb6 10. Qe4+ Be6 11. Bc4 Bxf2+ 12. Kd1 O-O-O 13. Bxe6+ fxe6 14. c3 Rxd6+ 15. Kc2 Qc5 16. Rf1 Rhd8 17. Bf4 e5 18. Bg5 R8d7 19. Rad1 h6 20. Bc1 Bd4 21. Kb1 Bxc3 22. Rxd6 Rxd6 23. Qf5+ Rd7 24. Rd1 Bd4 25. Nd2 Qd5 26. Ne4 Kc7 27. a3 a6 28. Qg4 Re7 29. h4 Qe6 30. Qe2 Kb8 31. h5 Rc7 32. Rf1 Ka7 33. Qd3 Qe8 34. g4 Qe6 35. Rf5 Rd7 36. Qf3 Bb6 37. Be3 Nd4 38. Bxd4 exd4 39. Nf2 Qc4 40. Nd3 Re7 41. Re5 Rxe5 42. Nxe5 Qe6 43. Nd3 a5 44. Kc2 a4 45. Kd2 Qc4 46. Qe4 Ba5+ 47. Ke2 Qc2+ 48. Kf3 Bb6 49. Kf4 Qd2+ 50. Kf5 Qg5+ 51. Ke6 Qf6+ 52. Kd7 Qf7+ 53. Kd6 Bc7+ 54. Kc5 Qb3 55. Kxd4 Qb5 56. Ke3 Bb6+ 57. Kf3 Qb3 58. Kf4 Qc2 59. Kf3 Qd1+ 60. Kg2 Qd2+ 61. Kf3 Qc2 62. Kg3 Bc7+ 63. Kf3 Ka8 64. Qe8+ Bb8 65. Qe4 Qb3 66. Qe3 Bc7 67. Nc5 Qd5+ 68. Ne4 Kb8 69. Qc5 Qf7+ 70. Qf5 Qb3+ 71. Nc3 Qxb2 72. Qf8+ Ka7 73. Qc5+ Bb6 74. Nb5+ Ka6 75. Nc7+ Ka7 76. Nb5+ Ka6 77. Nc7+ Bxc7 78. Qxc7 Qxa3+ 79. Ke4 Qb4+ 80. Kf5 Qa5+ 81. Qxa5+ Kxa5 82. Kg6 a3 83. Kxg7 a2 84. g5 hxg5 85. h6 g4 86. h7 g3 87. h8=Q a1=Q+ 0-1


[Site "https://www.chess.com"]

[Event "Titled Tuesday Blitz October 04 Late 2022"]
[White "Fawzy, Adham"]
[Black "Postnikov, Daniil"]
[WhiteFideId "10613129"]
[BlackFideId "4166329"]
[WhiteElo "2541"]
[BlackElo "2261"]
[Result "0-1"]
[Round "03"]
[TimeControl "180+1"]
[Date "2022.10.04"]
[WhiteClock "0:00:01"]
[BlackClock "0:00:15"]

1. e4 e6 2. d4 d5 3. Nc3 Nf6 4. exd5 exd5 5. Bd3 c5 6. Nf3 Be7 7. dxc5 Bxc5 8. O-O O-O 9. Bg5 Be6 10. Qd2 h6 11. Be3 Bxe3 12. Qxe3 Nc6 13. Nb5 Bg4 14. Nbd4 Qd6 15. c3 Rfe8 16. Qd2 Ne4 17. Qc2 Rac8 18. Qa4 Nc5 19. Qa3 Nxd4 20. Nxd4 Qf6 21. Bc2 Bd7 22. Rfe1 Ne4 23. Bxe4 dxe4 24. Qxa7 Qg5 25. g3 Qd5 26. Qb6 e3 27. Rxe3 Rxe3 28. fxe3 Bh3 29. Kf2 Qg2+ 30. Ke1 Qf1+ 31. Kd2 Qxa1 32. Qxb7 Qxa2 33. Ke2 Qb1 34. Kf2 Qf1# 0-1


[Site "https://www.chess.com"]

[Event "Titled Tuesday Blitz October 04 Late 2022"]
[White "Girel, Joseph"]
[Black "Rasulov, Vugar"]
[WhiteFideId "36033561"]
[BlackFideId "13402390"]
[WhiteElo "2281"]
[BlackElo "2509"]
[Result "0-1"]
[Round "03"]
[TimeControl "180+1"]
[Date "2022.10.04"]
[WhiteClock "0:00:08"]
[BlackClock "0:00:24"]

1. d4 Nf6 2. c4 e6 3. Nf3 d5 4. Nc3 h6 5. Bf4 Bd6 6. Bxd6 Qxd6 7. e3 O-O 8. c5 Qe7 9. Be2 Nbd7 10. O-O c6 11. b4 e5 12. a4 Re8 13. Qb3 exd4 14. exd4 Ne4 15. Rfe1 Ndf6 16. Ne5 a5 17. Nxe4 Nxe4 18. Bd3 axb4 19. Qxb4 Be6 20. Bxe4 dxe4 21. Rxe4 Red8 22. h3 Qg5 23. Nf3 Qf6 24. Qxb7 Bxh3 25. Qe7 Qxe7 26. Rxe7 Be6 27. a5 Ra6 28. Rc7 Bd5 29. Ne5 Rda8 30. f3 g5 31. Re1 Kg7 32. Ng4 Rxa5 33. Ne3 Ra1 34. Rxa1 Rxa1+ 35. Kf2 Ra2+ 36. Kg3 Ra4 37. Rd7 Be6 38. Rd6 h5 39. f4 Ra3 40. Kf2 gxf4 41. Nf1 Bd5 42. g3 Ra2+ 43. Ke1 f3 44. Ne3 Re2+ 0-1


[Site "https://www.chess.com"]

[Event "Titled Tuesday Blitz October 04 Late 2022"]
[White "Kim, Yoon-Young"]
[Black "Ibarra Jerez, Jose Carlos"]
[WhiteFideId "30908779"]
[BlackFideId "2226332"]
[WhiteElo "2215"]
[BlackElo "2627"]
[Result "0-1"]
[Round "03"]
[TimeControl "180+1"]
[Date "2022.10.04"]
[WhiteClock "0:01:03"]
[BlackClock "0:00:53"]

1. d4 Nf6 2. c4 d6 3. Nf3 g6 4. Nc3 Bf5 5. g3 Ne4 6. Nd5 c6 7. Ne3 Qa5+ 8. Nd2 Bg7 9. Nxf5 Qxf5 10. f3 Nxd2 11. Qxd2 Qf6 12. d5 O-O 13. Bg2 Nd7 14. dxc6 bxc6 15. O-O Nb6 16. Qd3 Qd4+ 17. Be3 Qxc4 18. Qd2 Qb5 19. b3 Nd5 20. Bf2 Bc3 21. Qc2 Bxa1 22. Rxa1 a5 23. e4 Nb4 24. Qc3 Qd3 25. Qc1 a4 26. a3 axb3 27. axb4 Rxa1 28. Qxa1 e5 29. Be1 Qd4+ 30. Qxd4 exd4 0-1


[Site "https://www.chess.com"]

[Event "Titled Tuesday Blitz October 04 Late 2022"]
[White "Kollars, Dmitrij"]
[Black "Sokolovsky, Yahli"]
[WhiteFideId "12909572"]
[BlackFideId "2820242"]
[WhiteElo "2584"]
[BlackElo "2316"]
[Result "0-1"]
[Round "03"]
[TimeControl "180+1"]
[Date "2022.10.04"]
[WhiteClock "0:00:02"]
[BlackClock "0:00:30"]

1. e4 g6 2. d4 Bg7 3. Nf3 d6 4. Bc4 e6 5. O-O Nf6 6. Bd3 O-O 7. Qe2 Nc6 8. e5 Nd5 9. a3 a5 10. c4 Nb6 11. Bg5 Nxd4 12. Nxd4 Qxg5 13. f4 Qe7 14. Nf3 Nd7 15. Nc3 dxe5 16. fxe5 Nxe5 17. Nxe5 Qc5+ 18. Kh1 Qxe5 19. Qf3 f5 20. Rae1 Qf6 21. c5 c6 22. Qe2 a4 23. Bc4 Re8 24. Ne4 Qxb2 25. Qf3 Bd7 26. Nd6 Rf8 27. Rb1 Qe5 28. Rxb7 Rad8 29. Qf2 Kh8 30. Re1 Qd4 31. Qxd4 Bxd4 32. Bxe6 Bxe6 33. Rxe6 Bxc5 34. Rf7 Bxd6 35. Rxd6 Rxd6 36. Rxf8+ Kg7 37. Rd8 Rxd8 0-1


[Site "https://www.chess.com"]

[Event "Titled Tuesday Blitz October 04 Late 2022"]
[White "Kravtsiv, Martyn"]
[Black "Morefield, Jason"]
[WhiteFideId "14113147"]
[BlackFideId "30920825"]
[WhiteElo "2694"]
[BlackElo "2171"]
[Result "1/2-1/2"]
[Round "03"]
[TimeControl "180+1"]
[Date "2022.10.04"]
[WhiteClock "0:00:07"]
[BlackClock "0:00:36"]

1. e4 c5 2. Nf3 d6 3. Bb5+ Bd7 4. Bxd7+ Nxd7 5. O-O Ngf6 6. Qe2 e6 7. b3 Be7 8. Bb2 O-O 9. c4 a6 10. d4 cxd4 11. Nxd4 Nc5 12. Nc3 d5 13. cxd5 exd5 14. e5 Nfe4 15. Rad1 Nxc3 16. Bxc3 Ne4 17. Ba1 Rc8 18. Nf5 Bc5 19. Qg4 g6 20. e6 h5 21. exf7+ Kh7 22. Qf4 gxf5 23. Qxf5+ Kh6 24. Rxd5 Qh4 25. g3 Nxg3 26. hxg3 Qxg3+ 27. Kh1 Qh4+ 28. Kg2 Rc6 29. Rxc5 Rxc5 30. Qxc5 Qg4+ 31. Kh2 Qh4+ 32. Kg2 Qg4+ 33. Kh2 Qh4+ 34. Kg2 1/2-1/2


[Site "https://www.chess.com"]

[Event "Titled Tuesday Blitz October 04 Late 2022"]
[White "Leiva, Gianmarco"]
[Black "Bortnyk, Olexandr"]
[WhiteFideId "3804399"]
[BlackFideId "14120828"]
[WhiteElo "2285"]
[BlackElo "2723"]
[Result "0-1"]
[Round "03"]
[TimeControl "180+1"]
[Date "2022.10.04"]
[WhiteClock "0:00:01"]
[BlackClock "0:00:54"]

1. d4 d6 2. Nf3 Nf6 3. Bf4 b6 4. h3 Bb7 5. Nbd2 Nbd7 6. e3 e6 7. a4 a6 8. Be2 Be7 9. O-O h6 10. Bh2 g5 11. Ne1 h5 12. Bf3 d5 13. g4 hxg4 14. hxg4 Bd6 15. Bxd6 cxd6 16. Kg2 Nf8 17. Nd3 Ng6 18. Rh1 Nh4+ 19. Kf1 Ne4 20. Bxe4 dxe4 21. Ne1 Kd7 22. c4 Nf3 23. Rxh8 Qxh8 24. Nexf3 exf3 25. Ke1 Qh3 26. Nf1 Qxg4 27. Ng3 Rh8 28. Kd2 Rh2 29. Nh1 Qg2 30. Qb3 Rxh1 31. Rxh1 Qxh1 32. Qxb6 Be4 33. d5 Qb1 34. Qc6+ Ke7 0-1


[Site "https://www.chess.com"]

[Event "Titled Tuesday Blitz October 04 Late 2022"]
[White "Makarian, Rudik"]
[Black "Liang, Justin"]
[WhiteFideId "44105681"]
[BlackFideId "2099942"]
[WhiteElo "2405"]
[BlackElo "2599"]
[Result "1/2-1/2"]
[Round "03"]
[TimeControl "180+1"]
[Date "2022.10.04"]
[WhiteClock "0:01:58"]
[BlackClock "0:00:59"]

1. b3 e5 2. Bb2 Nc6 3. e4 Nf6 4. Nc3 d5 5. exd5 Nxd5 6. Bb5 Nxc3 7. Bxc3 Bd6 8. Nf3 O-O 9. Bxc6 bxc6 10. d3 Re8 11. Nd2 Qg5 12. O-O Bh3 13. Qf3 Bd7 14. Nc4 Re6 15. Rae1 Rae8 16. Qe3 Qh5 17. Qe2 Qf5 18. Qe4 Qh5 19. Qe2 Qf5 20. Bd2 Qg6 21. f3 f5 22. Be3 a6 23. Bf2 Bb4 24. Rd1 Qf7 25. Be1 Bc5+ 26. Bf2 Bb4 27. Bg3 Bc5+ 28. Bf2 Bb4 1/2-1/2


[Site "https://www.chess.com"]

[Event "Titled Tuesday Blitz October 04 Late 2022"]
[White "Martinez Alcantara, Jose Eduardo"]
[Black "Ivanisevic, Ivan"]
[WhiteFideId "3805662"]
[BlackFideId "912417"]
[WhiteElo "2703"]
[BlackElo "2582"]
[Result "1-0"]
[Round "03"]
[TimeControl "180+1"]
[Date "2022.10.04"]
[WhiteClock "0:01:30"]
[BlackClock "0:00:04"]

1. e4 c5 2. Nf3 Nc6 3. c3 Nf6 4. Bd3 d5 5. e5 c4 6. Bc2 Nd7 7. Qe2 Qc7 8. e6 fxe6 9. b3 Nce5 10. d4 cxd3 11. Bxd3 Nxf3+ 12. Qxf3 Ne5 13. Qe2 Nxd3+ 14. Qxd3 Bd7 15. O-O O-O-O 16. Re1 g6 17. Qd4 Rg8 18. Bf4 Qb6 19. Be5 Qxd4 20. cxd4 Bg7 21. Nd2 Bxe5 22. Rxe5 Kc7 23. Nf3 h6 24. Re3 Kd6 25. Ne5 Be8 26. Rae1 g5 27. h3 Rc8 28. Ng4 Rg6 29. Ne5 Rf6 30. R3e2 Rc3 31. Ng4 Rg6 32. Rd2 h5 33. Ne5 Rf6 34. Kh2 Bg6 35. f3 Bh7 36. Kg3 Rf4 37. h4 Rf5 38. hxg5 Rxg5+ 39. Kh2 Rf5 40. Kg3 a5 41. Rde2 Rf6 42. Rh1 Bg6 43. Kf2 Be8 44. Rd2 b5 45. Nd3 b4 46. Ne5 Rf4 47. Re1 h4 48. Kg1 Bh5 49. Kh2 Be8 50. Kh3 Bh5 51. Kh2 Be8 52. Ng4 Bh5 53. Nf2 Bg6 54. Nh3 Rf6 55. Ng5 Rc2 56. Rxc2 Bxc2 57. Re2 Bf5 58. f4 Be4 59. Rf2 Bf5 60. Re2 Be4 61. Rf2 Bf5 62. Nf3 Be4 63. Nxh4 Rf8 64. g4 Rc8 65. g5 Rc1 66. Kh3 Rd1 67. Re2 Rxd4 68. g6 Rd3+ 69. Kh2 Rd1 70. Rxe4 Rd2+ 71. Ng2 Rc2 72. Re2 Rc8 73. Kg3 Rg8 74. Nh4 d4 75. Re5 d3 76. Re3 Kd5 77. Rxd3+ Ke4 78. Rd7 e5 79. Rxe7 1-0


[Site "https://www.chess.com"]

[Event "Titled Tuesday Blitz October 04 Late 2022"]
[White "Nakamura, Hikaru"]
[Black "Yanchenko, Roman"]
[WhiteFideId "2016192"]
[BlackFideId "4137329"]
[WhiteElo "2909"]
[BlackElo "2514"]
[Result "1-0"]
[Round "03"]
[TimeControl "180+1"]
[Date "2022.10.04"]
[WhiteClock "0:00:44"]
[BlackClock "0:00:05"]

1. Nf3 d5 2. g3 Nf6 3. Bg2 Bf5 4. c4 c6 5. cxd5 cxd5 6. Qb3 Qb6 7. Qxb6 axb6 8. Nc3 e6 9. Nb5 Na6 10. d3 Bb4+ 11. Bd2 Ke7 12. a3 Bxd2+ 13. Kxd2 Rhc8 14. Rhc1 Ne8 15. Nfd4 Bg6 16. f4 Nac7 17. Nxc7 Nxc7 18. e4 dxe4 19. dxe4 Na6 20. b4 Rd8 21. Ke3 Rd7 22. Bf1 Rad8 23. Rc4 Nc7 24. Rac1 Ne8 25. e5 b5 26. Nxb5 Bd3 27. R4c3 Bxf1 28. Rxf1 Rd5 29. a4 f6 30. Nc7 R5d7 31. Nxe8 Kxe8 32. exf6 gxf6 33. a5 Ke7 34. b5 e5 35. fxe5 fxe5 36. a6 bxa6 37. bxa6 Rd6 38. Rc7+ Ke6 39. a7 Rd3+ 40. Kf2 Rd2+ 41. Kf3 Ra2 42. Rb1 Rf8+ 43. Kg4 Rg8+ 44. Kh3 Ra8 45. Rbb7 Kd6 46. Rxh7 e4 47. Rbe7 Kd5 48. Rh5+ Kd4 49. Rh4 R2xa7 50. Rhxe4+ Kd5 51. Rxa7 Rxa7 52. Re1 Rh7+ 53. Kg2 Re7 1-0


[Site "https://www.chess.com"]

[Event "Titled Tuesday Blitz October 04 Late 2022"]
[White "Pichot, Alan"]
[Black "Shandrygin, Nikita"]
[WhiteFideId "110973"]
[BlackFideId "24198668"]
[WhiteElo "2578"]
[BlackElo "2323"]
[Result "1-0"]
[Round "03"]
[TimeControl "180+1"]
[Date "2022.10.04"]
[WhiteClock "0:00:12"]
[BlackClock "0:00:01"]

1. e4 c5 2. Nf3 e6 3. d4 cxd4 4. Nxd4 Nf6 5. Nc3 Nc6 6. Be2 Bb4 7. Nxc6 bxc6 8. O-O d5 9. Bd3 Bxc3 10. bxc3 dxe4 11. Be2 O-O 12. Ba3 Re8 13. Bc5 Nd5 14. c4 Qa5 15. Bd6 Nc3 16. Qe1 Nxe2+ 17. Qxe2 Qf5 18. f3 e3 19. Qxe3 Qxc2 20. Rfc1 Qg6 21. Rab1 e5 22. c5 Be6 23. Rb4 Bxa2 24. Rg4 Qf6 25. Re1 e4 26. fxe4 Be6 27. Rg3 Qh4 28. Rf1 Bc4 29. Qc3 Qh6 30. Qxc4 1-0


[Site "https://www.chess.com"]

[Event "Titled Tuesday Blitz October 04 Late 2022"]
[White "Poliakova, Varvara"]
[Black "Zakhartsov, Vladimir"]
[WhiteFideId "13518313"]
[BlackFideId "4145097"]
[WhiteElo "1938"]
[BlackElo "2492"]
[Result "0-1"]
[Round "03"]
[TimeControl "180+1"]
[Date "2022.10.04"]
[WhiteClock "0:00:23"]
[BlackClock "0:00:28"]

1. e4 c5 2. Nf3 d6 3. d4 Nf6 4. Nc3 cxd4 5. Nxd4 a6 6. a4 g6 7. Nb3 Bg7 8. Be2 Nc6 9. O-O O-O 10. Re1 Be6 11. Bf1 Rc8 12. Bg5 h6 13. Bh4 Nd7 14. Nd5 Bxb2 15. Rb1 Bg7 16. Nd2 Nc5 17. Nc4 g5 18. Bg3 Rb8 19. h4 g4 20. h5 Nxa4 21. Be2 Nc3 22. Nxc3 Bxc3 23. Rf1 Bg7 24. Ne3 Qd7 25. Bxg4 Bxg4 26. Nxg4 f5 27. exf5 Qxf5 28. Ne3 Qf7 29. Qe2 Nd4 30. Qd3 Qxh5 31. c3 Ne2+ 0-1


[Site "https://www.chess.com"]

[Event "Titled Tuesday Blitz October 04 Late 2022"]
[White "Przybylski, Wojciech"]
[Black "Bryakin, Mikhail"]
[WhiteFideId "1117599"]
[BlackFideId "4165314"]
[WhiteElo "2221"]
[BlackElo "2367"]
[Result "0-1"]
[Round "03"]
[TimeControl "180+1"]
[Date "2022.10.04"]
[WhiteClock "0:00:01"]
[BlackClock "0:00:14"]

1. e4 e5 2. Nf3 Nc6 3. Bb5 a6 4. Ba4 Nf6 5. O-O Nxe4 6. d4 b5 7. Bb3 d5 8. dxe5 Be6 9. Be3 Bc5 10. Qe2 O-O 11. c3 Qe7 12. h3 h6 13. Nbd2 Nxd2 14. Qxd2 Rad8 15. Bd4 Na5 16. Bc2 Nc4 17. Qd3 g6 18. b3 Bxd4 19. Nxd4 Nxe5 20. Qe3 c5 21. Qxe5 cxd4 22. Qxd4 Rc8 23. Bd3 Qc5 24. Rac1 Rc7 25. Qf4 Kh7 26. Rfe1 Qe7 27. h4 Kg7 28. Qe5+ Kg8 29. h5 g5 30. f4 Qc5+ 31. Kh1 d4 32. cxd4 Qxe5 33. fxe5 Rfc8 34. Rxc7 Rxc7 35. Be4 Rd7 36. Rd1 Bg4 37. Rd2 Bxh5 38. d5 Bg4 39. Kh2 Kg7 40. Kg3 h5 41. Kf2 h4 42. d6 Be6 43. Bc6 Rd8 44. Bb7 a5 45. Ke3 g4 46. Kd4 h3 47. gxh3 gxh3 48. Rh2 Rb8 49. Bc6 f6 50. exf6+ Kxf6 51. Rf2+ Kg5 52. Ke5 Bg4 53. Rf7 Rh8 54. Rg7+ Kh4 55. d7 h2 0-1


[Site "https://www.chess.com"]

[Event "Titled Tuesday Blitz October 04 Late 2022"]
[White "Quesada Perez, Yuniesky"]
[Black "Guzman, Christopher"]
[WhiteFideId "3504409"]
[BlackFideId "6405096"]
[WhiteElo "2599"]
[BlackElo "2272"]
[Result "1-0"]
[Round "03"]
[TimeControl "180+1"]
[Date "2022.10.04"]
[WhiteClock "0:00:38"]
[BlackClock "0:01:08"]

1. e4 c6 2. d4 d5 3. e5 Bf5 4. h4 h5 5. Bd3 Bxd3 6. Qxd3 Qa5+ 7. Nd2 e6 8. Ne2 Qa6 9. c4 Bb4 10. b3 Nh6 11. O-O Nf5 12. Nf3 Be7 13. Bg5 Bxg5 14. Nxg5 Nd7 15. Nf4 g6 16. g3 Rc8 17. Rfd1 Nb6 18. Rac1 Rd8 19. Qc3 Qa3 20. c5 Nd7 21. Rc2 Ke7 22. Qd2 Rc8 23. Rdc1 Rc7 24. Ngxe6 Rcc8 25. Ng5 Nf8 26. Re1 Rg8 27. e6 f6 28. Nf3 b6 29. Qd3 Nh6 30. cxb6 axb6 31. Nxd5+ Kd6 32. Nxf6 Rg7 33. d5 1-0


[Site "https://www.chess.com"]

[Event "Titled Tuesday Blitz October 04 Late 2022"]
[White "Rustemov, Alexander"]
[Black "Garagulya, Konstantin"]
[WhiteFideId "4119002"]
[BlackFideId "4128931"]
[WhiteElo "2802"]
[BlackElo "2329"]
[Result "0-1"]
[Round "03"]
[TimeControl "180+1"]
[Date "2022.10.04"]
[WhiteClock "0:00:26"]
[BlackClock "0:00:13"]

1. d4 d5 2. c4 dxc4 3. Nf3 Nf6 4. e3 e6 5. Bxc4 a6 6. O-O c5 7. e4 cxd4 8. e5 Nfd7 9. Qxd4 Nc6 10. Qe4 Qc7 11. Re1 b5 12. Bb3 Bb7 13. Qf4 h6 14. Nc3 g5 15. Qg3 Bg7 16. h4 Ncxe5 17. Nd4 Bf6 18. Bxe6 fxe6 19. Nxe6 Qd6 20. hxg5 Qxe6 21. f4 hxg5 22. fxe5 Be7 23. Be3 O-O-O 24. Ba7 Bc6 25. Rac1 Kb7 26. Bd4 Rh4 27. Rcd1 Rg4 28. Qf2 Rxg2+ 29. Qxg2 Bxg2 30. Kxg2 Qg4+ 31. Kf2 Rf8+ 32. Ke3 Rf3+ 33. Ke2 Rxc3+ 34. Kd2 Qxd4+ 35. Ke2 Re3+ 36. Kf2 Qf4+ 37. Kg2 Rg3+ 38. Kh2 Qh4# 0-1


[Site "https://www.chess.com"]

[Event "Titled Tuesday Blitz October 04 Late 2022"]
[White "Sorokin, Aleksey"]
[Black "Gritsenko, Nikolai"]
[WhiteFideId "24176460"]
[BlackFideId "14112493"]
[WhiteElo "2476"]
[BlackElo "2389"]
[Result "1-0"]
[Round "03"]
[TimeControl "180+1"]
[Date "2022.10.04"]
[WhiteClock "0:00:08"]
[BlackClock "0:00:02"]

1. e4 e5 2. Nf3 d6 3. d4 exd4 4. Nxd4 Nf6 5. Nc3 g6 6. Bc4 Bg7 7. O-O O-O 8. Re1 Nc6 9. Bg5 Nxd4 10. Qxd4 h6 11. Bh4 g5 12. Bg3 h5 13. h4 Ng4 14. Qd2 gxh4 15. Bf4 Be6 16. Nd5 c6 17. Ne3 Nxe3 18. Bxe6 Nxg2 19. Bg5 Nxe1 20. Rxe1 Bf6 21. Bxf6 Qxf6 22. Bf5 Kh8 23. Kh1 Rg8 24. Qf4 Rg7 25. f3 Rag8 26. Re2 h3 27. Rd2 Rg1+ 28. Kh2 Qg7 29. Bg4 hxg4 30. Kxg1 gxf3+ 31. Kf2 Qg1+ 32. Kxf3 Qf1+ 33. Rf2 Qh1+ 34. Ke3 Rg6 35. Qh4+ Kg8 36. Qd8+ Kg7 37. Qh4 Qe1+ 38. Kd3 Qd1+ 39. Kc3 Qe1+ 40. Kb3 a5 41. Rxf7+ Kxf7 42. Qxe1 Rh6 43. Qf2+ Kg7 44. Qg3+ Kh7 45. Qh2 Kg6 46. Ka4 Kg5 47. Kxa5 Kg4 48. Kb6 d5 49. e5 1-0


[Site "https://www.chess.com"]

[Event "Titled Tuesday Blitz October 04 Late 2022"]
[White "Svane, Rasmus"]
[Black "Amburgy, Ryan"]
[WhiteFideId "4657101"]
[BlackFideId "30924820"]
[WhiteElo "2674"]
[BlackElo "2121"]
[Result "1-0"]
[Round "03"]
[TimeControl "180+1"]
[Date "2022.10.04"]
[WhiteClock "0:00:17"]
[BlackClock "0:00:05"]

1. Nf3 d5 2. g3 Nf6 3. Bg2 g6 4. c4 dxc4 5. Qa4+ Nfd7 6. Qxc4 Bg7 7. O-O O-O 8. Rd1 Nc6 9. d4 Nb6 10. Qc2 Be6 11. Nc3 Nb4 12. Qb1 N4d5 13. Ne4 Bf5 14. Nh4 Bg4 15. Qc2 c6 16. h3 Bc8 17. Nc5 Nd7 18. e4 N5f6 19. Nd3 Qa5 20. Be3 Nb6 21. b3 Rd8 22. a4 Nbd7 23. b4 Qc7 24. Rac1 Ne8 25. Bf4 Qb6 26. d5 cxd5 27. exd5 a5 28. b5 Nd6 29. Be3 Bd4 30. Bg5 Nf6 31. Nf3 Nf5 32. g4 Ng7 33. Nde1 e5 34. dxe6 Nxe6 35. Bh4 Re8 36. Qc4 Bb2 37. Rc2 g5 38. Nxg5 Nxg5 39. Bxg5 Be5 40. Be3 Qe6 41. Nd3 Qxc4 42. Rxc4 Bd6 43. Nc5 Rb8 44. Rxd6 1-0


[Site "https://www.chess.com"]

[Event "Titled Tuesday Blitz October 04 Late 2022"]
[White "Timmermans, Mark"]
[Black "Naroditsky, Daniel"]
[WhiteFideId "1026399"]
[BlackFideId "2026961"]
[WhiteElo "2460"]
[BlackElo "2628"]
[Result "1/2-1/2"]
[Round "03"]
[TimeControl "180+1"]
[Date "2022.10.04"]
[WhiteClock "0:00:42"]
[BlackClock "0:00:17"]

1. b4 e5 2. Bb2 Bxb4 3. Bxe5 Nf6 4. Nc3 Be7 5. e3 d5 6. Nf3 O-O 7. Be2 c5 8. O-O Nc6 9. Bg3 d4 10. Nb5 a6 11. Na3 b5 12. exd4 cxd4 13. Nb1 Bb7 14. d3 Nd5 15. Ne5 Rc8 16. Nxc6 Bxc6 17. Bf3 Nb4 18. Bxc6 Rxc6 19. a4 Rxc2 20. axb5 axb5 21. Ra7 Rc6 22. Rb7 Nd5 23. Rxb5 Nc3 24. Qf3 Rf6 25. Rf5 Qb6 26. Nd2 Rxf5 27. Qxf5 Qg6 28. Qxg6 hxg6 29. Nf3 Bf6 30. Re1 Ra8 31. Be5 Bxe5 32. Rxe5 Ra1+ 33. Re1 1/2-1/2


[Site "https://www.chess.com"]